Map: Ulrena

Players

Grumm

  • Race: Protoss Protoss
  • League: Gold

MulletSnake - Winner!

  • Race: Terran Terran
  • League: Gold

VOD

Have the link to the VOD?

Description

Time

  • Played on: Feb. 3, 2016, 1:38 a.m.
  • Length: 36:33
Show
View Real Time Build Order
Export as new Build Order

Grumm Protoss 

Build Orders: 1 Gate Expand 

Get SALT Encoding   

  12  0:01  Probe (Chrono Boost)  
  13  0:12  Probe (Chrono Boost)  
  14  0:29  Pylon  
  14  0:30  Probe (Chrono Boost)  
  15  0:50  Probe (Chrono Boost)  
  15  0:52  Gateway  
  16  1:11  Nexus  
  16  1:21  Assimilator, Probe (Chrono Boost)  
  17  1:38  Probe (Chrono Boost)  
  17  1:39  Cybernetics Core  
  18  1:44  Zealot  
  20  1:51  Pylon  
  20  2:02  Pylon  
  20  2:03  Probe (Chrono Boost)  
  21  2:13  Assimilator  
  21  2:16  Warp Gate  
  21  2:23  Gateway  
  21  2:30  Probe (Chrono Boost)  
  22  2:41  Probe (Chrono Boost)  
  23  2:48  Probe (Chrono Boost)  
  23  2:49  Stalker  
  26  2:51  Probe (Chrono Boost)  
  27  3:11  Pylon  
  27  3:13  Gateway  
  27  3:20  Forge  
  27  3:39  Probe (Chrono Boost)  
  28  3:49  Probe (Chrono Boost)  
  28  3:55  Photon Cannon  
  29  4:00  Probe (Chrono Boost), Gateway  
  29  4:02  Pylon  
  30  4:10  Probe (Chrono Boost)  
  31  4:20  Robotics Facility  
  31  4:21  Pylon, Probe (Chrono Boost)  
  31  4:23  Stalker  
  34  4:25  Adept  
  34  4:27  Sentry  
  38  4:39  Protoss Ground Weapons Level 1  
  38  4:47  Gateway  
  38  4:49  Gateway  
  36  5:19  Immortal  
  36  5:20  Zealot x3  
  40  5:49  Adept x3  
  42  6:14  Immortal  
  42  6:17  Sentry  
  48  6:35  Sentry x2  
  48  6:39  Adept  
  52  7:05  Nexus  
  52  7:11  Pylon  
  52  7:13  Mothership Core (Chrono Boost)  
  54  7:32  Photon Cannon  
  54  7:37  Photon Cannon  
  54  7:39  Pylon  
  54  7:46  Zealot  
  54  7:50  Protoss Ground Armor Level 1  
  56  7:53  Probe (Chrono Boost)  
  57  8:00  Zealot  
  59  8:18  Probe x2 (Chrono Boost)  
  61  8:29  Probe x2 (Chrono Boost)  
  63  8:35  Robotics Bay  
  63  8:39  Probe x2 (Chrono Boost)  
  63  8:41  Robotics Facility  
  65  8:50  Probe x2 (Chrono Boost)  
  67  8:55  Stalker  
  67  9:00  Assimilator, Probe x2 (Chrono Boost)  
  71  9:03  Assimilator  
  71  9:11  Stalker, Probe x2 (Chrono Boost)  
  75  9:28  Pylon  
  75  9:31  Stalker  
  75  9:32  Stalker x2  
  81  9:44  Extended Thermal Lance (Chrono Boost)  
  81  9:49  Colossus (Chrono Boost)  
  87  10:16  Pylon  
  87  10:25  Pylon  
  87  10:28  Probe  
  87  10:30  Probe  
  89  10:40  Nexus  
  95  10:44  Colossus (Chrono Boost)  
  95  10:45  Stalker  
  95  10:46  Stalker  
  99  11:11  Immortal (Chrono Boost)  
  103  11:14  Protoss Shields Level 1  
  103  11:18  Twilight Council  
  103  11:24  Photon Cannon  
  103  11:27  Photon Cannon  
  103  11:29  Pylon  
  103  11:36  Pylon  
  103  11:47  Pylon  
  103  11:49  Pylon  
  99  12:19  Photon Cannon  
  99  12:26  Pylon  
  99  12:30  Probe x2  
  99  12:32  Probe  
  108  12:37  Colossus (Chrono Boost)  
  108  12:39  Stalker  
  108  12:40  Stalker x2  
  120  12:44  Colossus (Chrono Boost)  
  118  13:13  Gateway  
  118  13:16  Gateway  
  118  13:17  Pylon  
  116  13:27  Pylon  
  116  13:32  Stargate  
  116  13:34  Protoss Ground Armor Level 2  
  116  13:35  Stargate  
  116  13:37  Charge  
  116  13:42  Assimilator, Probe x2  
  116  13:44  Probe  
  116  13:45  Assimilator  
  119  13:52  Probe  
  120  13:56  Probe  
  122  14:02  Observer (Chrono Boost)  
  122  14:05  Nexus  
  122  14:14  Photon Cannon  
  122  14:15  Photon Cannon  
  122  14:18  Photon Cannon  
  122  14:19  Probe x2  
  122  14:21  Probe  
  125  14:28  Pylon  
  125  14:30  Probe  
  125  14:33  Probe  
  127  14:45  Void Ray x2  
  135  14:55  Stalker x3  
  141  15:03  Gateway  
  141  15:06  Pylon  
  141  15:10  Photon Cannon  
  141  15:16  Assimilator  
  141  15:19  Assimilator  
  141  15:33  Void Ray x2  
  148  16:14  Immortal (Chrono Boost)  
  156  16:20  Immortal (Chrono Boost), Fleet Beacon  
  156  16:31  Zealot  
  156  16:32  Zealot x5  
  166  16:33  Zealot x2  
  166  16:37  Resonating Glaives  
  172  16:56  Photon Cannon  
  172  16:59  Pylon  
  172  17:01  Photon Cannon  
  172  17:05  Gateway  
  172  17:18  Zealot x3  
  172  17:19  Zealot x6  
  190  17:35  Tempest (Chrono Boost)  
  190  17:36  Tempest (Chrono Boost)  
  198  17:43  Photon Cannon  
  198  17:57  Protoss Air Weapons Level 1  
  198  17:59  Protoss Shields Level 2  
  166  19:08  Tempest (Chrono Boost)  
  166  19:09  Tempest (Chrono Boost)  
  174  19:17  Cybernetics Core  
  124  19:46  Tempest x2 (Chrono Boost)  
  124  19:48  Colossus x2  
  118  20:23  Tempest (Chrono Boost)  
  110  20:40  Zealot x3  
  110  20:41  Zealot  
  110  20:42  Zealot x6  
  118  21:12  Zealot x3  
  118  21:13  Zealot x3  
  118  21:14  Zealot x2  
  110  21:55  Void Ray (Chrono Boost)  
  110  21:56  Void Ray (Chrono Boost)  
  110  21:57  Stalker  
  110  21:58  Stalker x4  
  110  21:59  Stalker x5  
  125  22:28  Stalker  
  125  22:29  Stalker x5  
  129  22:30  Stalker  
  129  22:31  Stalker x2  
  129  22:32  Void Ray (Chrono Boost)  
  129  22:33  Void Ray (Chrono Boost)  
  83  22:54  Stalker x2  
  83  22:55  Stalker x6  
  78  23:14  Stalker  
  78  23:19  Stalker x5  
  72  23:20  Stalker x3  
  62  23:37  Void Ray x2 (Chrono Boost)  
  62  23:42  Stalker x2  
  62  23:43  Stalker x5  
  62  23:44  Stalker x2  
  74  24:05  Blink  
  74  24:15  Zealot x4  
  74  24:16  Zealot x2  
  86  24:24  Void Ray (Chrono Boost)  
  69  25:25  Nexus  
  69  25:52  Void Ray x2 (Chrono Boost)  
  69  27:01  Immortal (Chrono Boost)  
  69  27:04  Nexus  
  69  27:14  Colossus (Chrono Boost)  
  75  27:23  Tempest  
  79  27:36  Pylon  
  79  27:47  Colossus (Chrono Boost)  
  79  27:48  Void Ray  
  89  28:08  Photon Cannon  
  89  28:12  Assimilator  
  89  28:13  Assimilator  
  89  28:17  Assimilator  
  89  28:20  Tempest  
  97  28:34  Immortal (Chrono Boost)  
  97  28:51  Stargate  
  97  28:54  Stargate  
  97  28:56  Pylon  
  97  28:59  Photon Cannon  
  97  29:03  Photon Cannon  
  97  29:05  Void Ray, Pylon  
  97  29:09  Assimilator  
  97  29:15  Stalker x2  
  105  29:24  Protoss Air Armor Level 1  
  105  29:28  Zealot  
  107  29:44  Cybernetics Core  
  107  29:48  Adept, Stalker  
  107  29:49  Adept, Zealot  
  109  30:13  Tempest  
  109  30:15  Tempest  
  113  30:22  Void Ray  
  113  30:23  Void Ray  
  121  30:49  Probe  
  121  30:50  Probe, Nexus  
  121  30:51  Probe x2  
  125  30:58  Protoss Air Weapons Level 2  
  125  31:11  Carrier  
  125  31:18  Phoenix  
  133  31:22  Zealot x2  
  133  31:23  Zealot x2  
  141  31:41  Robotics Facility  
  141  31:43  Pylon  
  141  31:44  Pylon  
  141  31:47  Pylon  
  141  31:49  Gateway  
  141  32:09  Stalker x5  
  141  32:10  Stalker  
  99  32:57  Void Ray  
  95  33:02  Void Ray x2  
  95  33:03  Void Ray  
  101  33:38  Stalker x5  
  101  33:39  Stalker x2  
  101  33:40  Zealot  
  117  33:45  Void Ray  
  111  34:46  Void Ray  
  111  34:51  Void Ray x2  
  111  34:52  Void Ray  
  109  35:12  Probe  
  109  35:13  Probe  
  109  35:14  Probe x3  
  112  35:17  Assimilator  
  112  35:19  Assimilator  
  114  35:26  Probe  
  115  35:34  Void Ray  
  115  35:48  Void Ray  
  91  36:07  Stalker x4  
Show
View Real Time Build Order
Export as new Build Order

MulletSnake Terran - Winner!

Build Orders:  

Get SALT Encoding   

  12  0:01  SCV  
  13  0:13  SCV  
  14  0:25  SCV  
  15  0:33  Supply Depot  
  15  0:54  SCV  
  15  0:56  Barracks  
  16  1:05  Supply Depot  
  16  1:06  SCV  
  17  1:18  SCV  
  18  1:30  SCV  
  19  1:43  SCV  
  19  1:46  Command Center  
  20  1:49  Bunker  
  20  1:55  SCV  
  21  2:19  Marine  
  22  2:24  Barracks  
  22  2:28  Orbital Command  
  22  2:29  Barracks  
  22  2:30  Barracks  
  22  2:37  Marine  
  23  2:55  Marine  
  24  3:13  Marine  
  24  3:18  Marine  
  24  3:19  Marine x2  
  28  3:31  Bunker, Marine  
  28  3:32  Bunker  
  28  3:33  SCV  
  30  3:35  Refinery  
  30  3:36  Refinery, Marine  
  30  3:37  Marine x2  
  33  3:46  Orbital Command  
  33  3:49  Marine, SCV  
  33  3:54  Marine  
  36  4:02  SCV  
  37  4:14  Engineering Bay, SCV  
  38  4:18  SCV  
  39  4:26  SCV  
  39  4:30  SCV  
  41  4:36  Marine x4  
  45  4:38  SCV  
  46  4:56  Supply Depot  
  46  4:58  Supply Depot  
  46  5:15  Supply Depot  
  46  5:17  Marine x4, SCV x2  
  46  5:19  Supply Depot  
  51  5:29  SCV x2  
  51  5:35  Marine x4  
  57  5:41  SCV  
  58  5:52  Marine x4  
  58  5:53  SCV  
  58  5:56  SCV  
  63  6:06  SCV  
  63  6:08  SCV  
  63  6:10  Marine x4  
  69  6:18  SCV  
  70  6:20  SCV  
  71  6:29  Missile Turret  
  71  6:30  SCV  
  71  6:32  SCV  
  73  6:35  Missile Turret  
  73  6:36  Missile Turret  
  73  6:40  Missile Turret  
  73  6:42  Command Center, SCV  
  73  6:44  SCV  
  73  6:46  Factory  
  75  6:49  Factory  
  75  6:52  Missile Turret  
  75  6:54  SCV  
  75  6:57  SCV  
  64  7:06  SCV  
  64  7:07  Bunker  
  65  7:10  Refinery  
  65  7:12  Refinery  
  65  7:18  Supply Depot, SCV  
  65  7:21  Supply Depot  
  66  7:25  Supply Depot x2  
  66  7:30  SCV  
  66  7:31  Bunker  
  66  7:32  Factory Tech Lab  
  66  7:33  Factory Tech Lab  
  67  7:42  SCV  
  67  7:43  Missile Turret  
  68  7:44  Missile Turret  
  68  7:54  SCV  
  69  7:59  Siege Tank x2  
  75  8:07  SCV  
  76  8:19  SCV  
  77  8:26  Starport  
  77  8:27  SCV  
  77  8:28  Starport  
  77  8:31  Siege Tank x2  
  84  8:39  SCV  
  85  8:48  Starport x2  
  85  8:49  Terran Infantry Weapons Level 1  
  85  8:51  SCV  
  85  8:54  Armory  
  85  8:55  Supply Depot  
  86  8:57  Planetary Fortress  
  86  9:03  Siege Tank x2  
  86  9:04  SCV  
  93  9:16  SCV  
  94  9:18  Supply Depot  
  94  9:26  Medivac  
  94  9:28  Medivac  
  94  9:31  Marine x3  
  102  9:35  Siege Tank x2  
  107  9:39  Barracks Tech Lab  
  107  9:48  Marine x3  
  107  9:49  SCV  
  111  10:01  SCV  
  111  10:06  Marine x3  
  115  10:13  SCV  
  116  10:24  Marine x2  
  116  10:25  SCV  
  119  10:37  SCV  
  120  10:43  Terran Infantry Armor Level 1  
  120  10:49  SCV  
  121  10:54  Bunker x2  
  120  11:15  Siege Tank  
  120  11:16  Siege Tank  
  126  11:26  Bunker  
  126  11:27  Bunker  
  126  11:32  Command Center  
  126  11:33  SCV  
  126  11:36  Refinery  
  126  11:37  Refinery  
  127  11:45  SCV  
  128  11:47  Siege Tank  
  128  11:48  Siege Tank  
  133  11:58  SCV  
  132  12:07  Marine x4  
  135  12:10  SCV  
  136  12:20  Siege Tank  
  136  12:22  SCV  
  140  12:23  Missile Turret  
  140  12:25  Missile Turret, Marine  
  140  12:29  Missile Turret  
  141  12:30  Missile Turret  
  141  12:31  Missile Turret  
  141  12:34  Missile Turret  
  141  12:43  Marine x4, Siege Tank  
  148  12:52  Siege Tank  
  148  13:01  Marine x4  
  152  13:12  Combat Shields  
  152  13:15  Siege Tank  
  152  13:19  Marine  
  156  13:28  Bunker  
  156  13:38  Marine x4, Siege Tank  
  163  13:41  Supply Depot  
  163  13:43  Supply Depot x3  
  163  13:44  Supply Depot  
  163  13:45  Supply Depot  
  163  13:47  Supply Depot  
  163  13:48  Supply Depot  
  163  13:49  Planetary Fortress  
  163  13:56  Marine  
  163  13:59  Bunker  
  164  14:03  Marine, Siege Tank, Building Armor  
  164  14:05  Terran Vehicle Weapons Level 1  
  168  14:10  Siege Tank  
  171  14:31  Stimpack  
  171  14:35  Siege Tank  
  174  14:49  Supply Depot  
  174  15:05  Bunker  
  173  15:16  Bunker  
  170  15:35  Bunker  
  170  15:36  Refinery  
  170  15:38  Refinery  
  170  15:39  Missile Turret  
  170  15:42  Terran Infantry Armor Level 2  
  170  15:43  Missile Turret  
  170  15:44  Missile Turret  
  170  15:47  Missile Turret  
  170  15:54  Starport Tech Lab x4  
  170  15:59  Terran Vehicle And Ship Armor Level 1  
  170  16:04  Starport x2  
  170  16:31  Bunker  
  170  16:32  Concussive Shells  
  170  16:37  Missile Turret x2  
  170  16:43  Starport  
  170  16:44  Starport  
  170  16:52  Starport Tech Lab x2  
  170  16:56  Command Center  
  170  16:57  Missile Turret  
  170  17:01  Missile Turret  
  170  17:03  Fusion Core  
  170  17:20  Missile Turret  
  170  17:31  Refinery  
  170  17:34  Refinery  
  170  17:54  Terran Ship Weapons Level 1  
  170  17:58  Terran Infantry Weapons Level 2  
  169  18:03  Marine  
  169  18:04  Marine x3  
  173  18:09  Behemoth Reactor  
  173  18:11  Starport Tech Lab  
  173  18:12  Starport Tech Lab  
  173  18:21  Marine  
  173  18:22  Marine x3  
  172  18:39  Marine x4  
  168  18:48  Bunker  
  168  18:54  Battlecruiser  
  168  18:55  Battlecruiser x4  
  198  18:57  Marine x2  
  200  19:06  Weapon Refit  
  199  19:14  Marine  
  164  19:47  Terran Vehicle Weapons Level 2  
  164  19:52  Battlecruiser  
  170  19:53  Battlecruiser x2  
  170  19:59  Battlecruiser x3  
  173  20:14  Hi-Sec Auto Tracking  
  161  20:30  Missile Turret  
  160  20:40  Marine  
  160  20:41  Marine x3  
  155  20:47  Battlecruiser  
  152  20:56  Battlecruiser  
  149  20:58  Marine  
  149  20:59  Marine x3  
  149  21:11  Neosteel Frame  
  139  21:16  Marine x3  
  139  21:17  Marine  
  141  21:19  Battlecruiser  
  140  21:34  Marine x4  
  125  21:48  Missile Turret  
  125  21:51  Missile Turret  
  125  21:52  Marine x4  
  128  22:03  Terran Vehicle And Ship Armor Level 2  
  124  22:09  Marine  
  125  22:20  SCV  
  126  22:26  Command Center  
  120  22:30  Terran Infantry Armor Level 3  
  120  22:32  SCV  
  88  22:44  SCV  
  84  22:56  SCV  
  79  23:08  SCV  
  79  23:12  Marine  
  75  23:14  Battlecruiser  
  69  24:10  Barracks Reactor  
  69  24:11  Barracks Reactor x2  
  69  24:13  Thor x2  
  69  24:16  Marauder  
  83  24:37  Marauder  
  85  24:40  Planetary Fortress  
  78  24:58  Marauder  
  68  25:00  Marine  
  68  25:01  Marine x5  
  65  25:18  Marine  
  65  25:20  Hellbat x2  
  70  25:42  Missile Turret, Hellbat  
  72  25:44  Missile Turret  
  72  25:45  Infernal Pre-Igniter  
  72  25:46  Marine  
  72  25:47  Marine x4  
  77  25:55  SCV  
  78  26:07  SCV  
  78  26:09  Marauder  
  81  26:24  SCV  
  82  26:30  Marauder  
  84  26:36  SCV  
  85  26:46  Refinery, SCV  
  86  26:48  SCV  
  86  26:50  Refinery  
  87  26:56  Marine x2  
  87  26:58  Marine, SCV  
  87  27:00  SCV  
  92  27:02  Medivac  
  92  27:03  Command Center  
  92  27:07  Medivac  
  96  27:10  SCV  
  96  27:15  SCV  
  98  27:17  SCV  
  98  27:22  SCV  
  100  27:23  Orbital Command  
  100  27:25  Marine  
  100  27:27  SCV  
  100  27:29  SCV  
  103  27:34  SCV  
  104  27:39  Missile Turret  
  104  27:41  SCV  
  105  27:44  Missile Turret  
  105  27:52  SCV  
  105  27:57  Sensor Tower  
  106  28:04  SCV x2  
  108  28:13  Missile Turret  
  108  28:15  Planetary Fortress  
  108  28:16  Missile Turret, SCV x2  
  110  28:28  SCV x2, Thor  
  118  28:36  Thor  
  118  28:40  SCV x2  
  126  28:45  Missile Turret  
  126  28:49  Missile Turret x2  
  126  28:52  SCV x2  
  128  28:57  SCV  
  129  29:04  SCV x2  
  129  29:09  SCV  
  132  29:10  SCV  
  132  29:16  Refinery, SCV  
  132  29:17  SCV  
  135  29:18  Refinery  
  135  29:22  SCV  
  135  29:23  Refinery, SCV  
  137  29:24  Refinery, Hellbat  
  137  29:25  Hellbat  
  137  29:28  Terran Vehicle Weapons Level 3, SCV  
  137  29:29  SCV  
  143  29:34  SCV  
  143  29:35  SCV  
  145  29:40  Terran Infantry Weapons Level 3, SCV  
  145  29:41  SCV  
  146  29:47  SCV  
  146  29:52  SCV  
  146  29:53  SCV  
  146  29:57  Bunker  
  146  29:59  SCV  
  145  30:04  SCV  
  145  30:05  SCV  
  141  30:17  SCV  
  141  30:19  Marine x7  
  149  30:24  Medivac  
  149  30:25  Medivac x2  
  155  30:29  SCV  
  156  30:37  Marine x7  
  156  30:41  SCV x2  
  165  30:53  SCV x2  
  165  30:54  Marine  
  165  30:55  Marine x6  
  174  31:05  SCV x2  
  174  31:11  Missile Turret  
  176  31:12  Marine  
  176  31:13  Command Center, Marine x6  
  176  31:17  SCV  
  176  31:18  SCV  
  185  31:22  Thor  
  185  31:23  Thor  
  197  31:29  SCV  
  197  31:30  SCV  
  197  31:31  Marine  
  200  31:52  Command Center  
  200  32:06  Terran Vehicle And Ship Armor Level 3  
  200  32:11  Refinery  
  193  32:27  Missile Turret  
  130  32:47  Missile Turret  
  126  32:55  Battlecruiser  
  126  32:56  Battlecruiser x7  
  149  33:07  Missile Turret  
  141  33:24  SCV  
  142  33:28  Missile Turret, Planetary Fortress  
  142  33:37  SCV  
  143  33:48  Missile Turret  
  143  33:49  SCV  
  144  33:59  Battlecruiser  
  144  34:00  Battlecruiser, Viking x2  
  144  34:01  SCV  
  160  34:08  Battlecruiser, Refinery  
  160  34:09  Battlecruiser  
  172  34:11  Marine x2  
  172  34:12  Marine  
  172  34:13  SCV  
  172  34:15  Marine  
  172  34:16  Marine  
  178  34:19  SCV  
  179  34:27  Missile Turret  
  179  34:31  SCV  
  180  34:43  SCV  
  174  34:49  Marine x7  
  181  34:55  SCV  
  182  35:05  Battlecruiser  
  182  35:06  Marine  
  189  35:07  Marine x6, SCV  
  196  35:19  SCV  
  197  35:24  Marine  
  197  35:25  Marine x2  
  194  35:58  Marine  
  194  35:59  Marine x5  
Tags
 
Add a new tag
Caveats
  • Supply blocks, unpowered buildings, or Contaminate may cause inaccurate times.
  • Supply counts are checked every 10 seconds.